 Dungeon Crawl Stone Soup version 0.28.0-43-g3370ac3207 (webtiles) character file.

Game seed: 7147132106194928679

317 silky the Chopper (level 6, -1/56 HPs)
             Began as a Minotaur Chaos Knight on Mar 30, 2022.
             Was a Plaything of Xom.
             Slain by an iguana (5 damage)
             ... on level 4 of the Dungeon.
             The game lasted 00:04:22 (2066 turns).

silky the Chopper (Minotaur Chaos Knight)           Turns: 2066, Time: 00:04:22

Health: -1/56      AC:  6    Str: 18    XL:     6   Next: 20%
Magic:  5/5        EV: 12    Int:  9    God:    Xom [..*...]
Gold:   118        SH:  0    Dex: 10    Spells: 5/5 levels left

rFire   . . .      SeeInvis .   a - +0 hand axe (chaos)
rCold   . . .      Faith    .   (no shield)
rNeg    . . .      Spirit   .   b - +2 leather armour
rPois   .          Reflect  .   (helmet restricted)
rElec   .          Harm     .   k - +0 cloak
rCorr   +          Rampage  .   (no gloves)
Will    .....                   (no boots)
Stlth   +.........              (no amulet)
HPRegen 0.18/turn               d - +4 ring of slaying
MPRegen 0.09/turn               l - ring of resist corrosion

@: no status effects
A: horns 2, retaliatory headbutt
a: Renounce Religion


You were on level 4 of the Dungeon.
You worshipped Xom.
You were a toy of Xom.
You visited 1 branch of the dungeon, and saw 4 of its levels.

You collected 118 gold pieces.

Inventory:

Hand Weapons
 a - a +0 hand axe of chaos (weapon)
Armour
 b - a +2 leather armour (worn)
 k - a +0 cloak (worn)
Jewellery
 d - a +4 ring of slaying (left hand)
 h - a ring of ice
 l - a ring of resist corrosion (right hand)
 m - a ring of ice
 o - the ring of Dun Vad {rCorr Str+2}
   (You took it off an orc priest on level 3 of the Dungeon)

   [ring of resist corrosion]

   Str:       It affects your strength (+2).
   rCorr:     It protects you from acid and corrosion.
Scrolls
 c - a scroll of fear {unknown}
 f - a scroll of identify {unknown}
 g - 2 scrolls of fog {unknown}
 i - a scroll of torment {unknown}
 j - a scroll of noise {unknown}
 p - 2 scrolls of vulnerability {unknown}
 q - a scroll of teleportation {unknown}
 r - a scroll of summoning {unknown}
Potions
 e - 2 potions of lignification {unknown}
 n - a potion of heal wounds {unknown}
 s - a potion of curing {unknown}


   Skills:
 + Level 5.2 Fighting
 + Level 6.1 Axes
 + Level 3.9 Armour
 + Level 2.3 Dodging
 + Level 1.1 Stealth


You had 5 spell levels left.
You didn't know any spells.
Your spell library contained the following spells:

 Spells                   Type           Power      Damage    Failure   Level
 Shock                    Conj/Air       0%         1d3       43%         1
 Blink                    Tloc           0%         N/A       58%         2
 Gell's Gravitas          Tloc           0%         N/A       82%         3
 Lesser Beckoning         Tloc           0%         N/A       82%         3
 Ozocubu's Armour         Ice            0%         N/A       82%         3
 Stone Arrow              Conj/Erth      0%         3d7       82%         3
 Swiftness                Air            0%         N/A       82%         3
 Teleport Other           Tloc           0%         N/A       82%         3
 Airstrike                Air            0%         N/A       99%         4
 Animate Armour           Summ/Erth      0%         N/A       99%         4
 Manifold Assault         Tloc           0%         N/A       100%        5
 Ozocubu's Refrigeration  Ice            0%         4d5       100%        7
 Storm Form               Tmut/Air       0%         N/A       100%        7
 Lehudib's Crystal Spear  Conj/Erth      0%         10d2      100%        8


Dungeon Overview and Level Annotations

Branches:
Dungeon (4/15)
 Temple: D:4-7

Altars:

Shops:
D:1 !   D:3 *


Innate Abilities, Weirdness & Mutations

You have a pair of horns on your head.
You reflexively headbutt those who attack you in melee.


Message History

The ogre hits you with a +0 giant club!!
You slash the ogre! You freeze the ogre.
The ogre is almost dead.
An ogre comes into view. It is wielding a +0 giant club.
You hit the ogre. Lightning courses through the ogre!!
You kill the ogre!
Your Fighting skill increases to level 5!
Your Dodging skill increases to level 2!
An orc wizard comes into view. It is wielding a +0 dagger.
An orc comes into view. It is wielding a +0 flail.
The dart slug launches a dart at you. The slug dart hits you.
The dart slug launches a dart at you. The slug dart hits you.
You see here 6 gold pieces.
You now have 118 gold pieces (gained 6).
An iguana comes into view.
The iguana hisses angrily.
You hit the ogre. You burn the ogre.
The ogre is moderately wounded.
The ogre misses you. You furiously retaliate!
You headbutt the ogre! You hit the ogre. You burn the ogre.
Your headbutt misses the ogre.
The ogre is severely wounded.
The ogre hits you with a +0 giant club!!
* * * LOW HITPOINT WARNING * * *
You hit the ogre. You headbutt the ogre.
You kill the ogre!
The iguana hisses menacingly.
Your Axes skill increases to level 6!
Your Stealth skill increases to level 1!
You have reached level 6!
You slash the orc! Lightning courses through the orc!
You kill the orc!
The dart slug launches a dart at you. The slug dart hits you.
* * * LOW HITPOINT WARNING * * *
You slash the iguana!
The iguana seems to slow down.
You freeze the iguana.
The iguana is severely wounded.
The iguana bites you.
You die...

.#..##...............
.......<.........#
##....)..........#
.................#
##........w.[....#
#.).............#
#..#...######w..###..
.........#####)......#
.............@l..#####
.......######..# ..#
.... #.... #...# ....


You could see an iguana (slow) and a dart slug.

Vanquished Creatures
  2 ogres (D:4)
  2 orc priests (D:3)
  Robin (D:3)
  2 adders (D:3)
  2 dart slugs
  4 orcs
  4 ball pythons
  3 bats
  4 endoplasms
  9 goblins
  7 hobgoblins
  3 jackals (D:3)
  2 quokkas (D:3)
  2 frilled lizards
  3 kobolds
  3 rats
53 creatures vanquished.

Vanquished Creatures (others)
  5 fungi (D:2)
  7 plants
12 creatures vanquished.

Grand Total: 65 creatures vanquished

Notes
Turn   | Place    | Note
-------+----------+-------------------------------------------
     0 | D:1      | silky the Minotaur Chaos Knight began the quest for the
                  | Orb.
     0 | D:1      | Reached XP level 1. HP: 19/19 MP: 0/0
   210 | D:1      | Found Tyun's Distillery.
   306 | D:1      | Reached XP level 2. HP: 27/27 MP: 1/1
   414 | D:1      | Reached skill level 4 in Axes
   532 | D:1      | XOM: silly message
   878 | D:2      | Found a faded altar of an unknown god.
  1285 | D:2      | Reached XP level 3. HP: 33/33 MP: 2/2
  1386 | D:3      | Noticed Robin
  1396 | D:3      | Killed Robin
  1491 | D:3      | Identified the ring of Dun Vad {rCorr Str+2}
  1497 | D:3      | Reached skill level 5 in Axes
  1497 | D:3      | Reached XP level 4. HP: 34/41 MP: 3/3
  1497 | D:3      | XOM: confuse monster(s)
  1520 | D:3      | XOM: cast spell 'Summon Ice Beast'
  1699 | D:3      | XOM: cloud trail
  1762 | D:3      | Reached XP level 5. HP: 47/47 MP: 4/4
  1881 | D:3      | Found Oneuff's Assorted Antiques.
  2044 | D:4      | Noticed an ogre
  2046 | D:4      | Noticed an ogre
  2047 | D:4      | Killed an ogre
  2048 | D:4      | Reached skill level 5 in Fighting
  2064 | D:4      | Killed an ogre
  2065 | D:4      | Reached skill level 6 in Axes
  2065 | D:4      | Reached skill level 1 in Stealth
  2065 | D:4      | Reached XP level 6. HP: 7/56 MP: 5/5
  2066 | D:4      | Slain by an iguana

Illustrated notes

Levels and vault maps discovered:
D:1:      mrwooster_arrival_statue_3, layout_loops_ring, serial_shops, shop,
          serial_bayou_lake_a
D:2:      layout_basic, dreamdust_ecumenical_altar_grove
D:3:      layout_basic, serial_shops, shop_fountains, nrook_campfire, uniq_robin
D:4:      layout_rooms, minmay_temple_entry_arrows, nicolae_figureground_sparkle

Skill      XL: |  1  2  3  4  5 |
---------------+----------------+-----
Axes           | 4 5 6 |  6.1
Fighting       | 4 5 |  5.2
Armour         | 3 |  3.9
Dodging        | 2 |  2.3
Stealth        | 1 |  1.1

Action                   |  1- 3 |  4- 6 || total
-------------------------+-------+-------++-------
Melee: Hand axe          |    48 |    28 ||    76
       Headbutt          |     4 |     5 ||     9
 Stab: Paralysed         |     1 |       ||     1
       Confused          |       |     1 ||     1
Armor: Leather armour    |    18 |     4 ||    22
Dodge: Dodged            |    24 |    11 ||    35
